Map: Central Protocol

Players

Grumm

  • Race: Zerg Zerg
  • League: Gold

goldfever - Winner!

  • Race: Terran Terran
  • League: Gold

VOD

Have the link to the VOD?

Description

Time

  • Played on: Feb. 2, 2016, 12:58 p.m.
  • Length: 33:03
Show
View Real Time Build Order
Export as new Build Order

Grumm Zerg 

Build Orders: Pool First 

Get SALT Encoding   

  12  0:01  Drone  
  13  0:11  Drone  
  14  0:26  Spawning Pool  
  13  0:33  Overlord  
  13  0:39  Drone  
  14  0:51  Drone  
  14  0:53  Drone  
  16  1:04  Extractor  
  15  1:13  Queen  
  15  1:14  Zergling x2  
  15  1:15  Zergling x2  
  15  1:17  Zergling x2  
  20  1:34  Hatchery  
  19  1:45  Drone x2  
  21  2:01  Roach Warren  
  20  2:02  Overlord  
  20  2:20  Drone x2  
  21  2:37  Drone x3  
  21  2:38  Drone  
  21  2:42  Extractor  
  24  2:44  Metabolic Boost  
  24  2:53  Queen  
  24  2:55  Drone  
  24  2:58  Drone  
  28  3:13  Drone  
  28  3:14  Drone x2  
  28  3:19  Overlord  
  31  3:38  Roach x3  
  31  3:39  Roach  
  39  3:51  Roach x2  
  43  3:59  Spine Crawler  
  42  4:16  Overlord x2  
  42  4:23  Evolution Chamber  
  41  4:29  Drone  
  41  4:30  Drone, Overlord  
  43  4:35  Extractor  
  43  4:38  Extractor  
  41  4:53  Zergling x2  
  41  4:54  Zergling x10  
  41  4:58  Hatchery  
  46  5:07  Zerg Melee Weapons Level 1  
  46  5:30  Drone  
  46  5:31  Drone, Roach  
  46  5:32  Roach x4  
  58  5:37  Spore Crawler  
  57  5:43  Spore Crawler  
  57  5:48  Spore Crawler  
  55  6:08  Lair  
  55  6:11  Burrow  
  55  6:13  Drone x3  
  55  6:18  Overlord  
  58  6:37  Spore Crawler  
  58  6:38  Spore Crawler  
  58  6:39  Spore Crawler x2  
  54  6:43  Spore Crawler  
  52  6:47  Spore Crawler  
  50  7:29  Zergling x10  
  55  7:30  Zergling x4  
  34  8:34  Drone  
  34  8:35  Drone x2  
  34  8:40  Hatchery  
  32  9:32  Drone x3  
  35  9:42  Roach x9  
  35  9:57  Evolution Chamber  
  35  9:58  Roach x2  
  35  9:59  Roach  
  22  10:30  Roach  
  22  10:31  Roach x5  
  33  10:51  Spawning Pool  
  32  11:28  Roach x2  
  32  11:29  Roach x4  
  44  11:40  Queen  
  44  11:41  Queen  
  48  11:49  Drone x2  
  50  12:01  Spawning Pool  
  49  12:02  Zerg Missile Weapons Level 1  
  49  12:14  Drone  
  49  12:15  Drone x5  
  55  12:54  Lair  
  55  12:59  Spore Crawler  
  54  13:06  Zergling x2  
  54  13:07  Zergling x20  
  25  13:56  Drone x9  
  34  14:17  Hydralisk Den  
  33  14:27  Overseer  
  33  14:34  Extractor  
  32  14:54  Hydralisk  
  32  14:55  Hydralisk x11  
  56  15:17  Hydralisk x2  
  60  15:45  Hatchery  
  60  15:47  Hydralisk x4  
  60  15:49  Extractor  
  66  16:06  Roach Warren  
  66  16:09  Drone  
  66  16:10  Drone x6  
  72  16:12  Roach  
  72  16:19  Muscular Augments  
  72  16:28  Roach  
  72  16:40  Overlord x3  
  72  17:03  Roach  
  72  17:04  Roach x6  
  86  17:15  Drone x2  
  88  17:16  Queen  
  90  17:30  Overseer  
  90  17:51  Drone x11  
  91  17:52  Drone  
  102  18:12  Nydus Network  
  101  18:15  Zerg Ground Armor Level 1  
  101  18:16  Lurker Den  
  101  18:19  Overlord x2  
  101  18:35  Spore Crawler  
  101  18:37  Spine Crawler  
  101  18:38  Drone  
  101  18:39  Drone x5  
  105  18:51  Overseer  
  105  18:58  Glial Reconstitution  
  105  19:03  Overlord x2  
  105  19:19  Zergling x2  
  105  19:20  Zergling x8  
  109  20:30  Overlord x2  
  109  20:31  Zerg Missile Weapons Level 2  
  109  20:39  Infestation Pit  
  108  20:46  Extractor  
  108  20:49  Drone x4, Extractor  
  110  20:59  Spire  
  109  21:28  Overlord x2  
  109  21:34  Hatchery  
  109  21:35  Hatchery  
  119  22:00  Lurker x2  
  121  22:01  Lurker  
  122  22:13  Drone x2  
  124  22:16  Mutalisk x9  
  142  22:33  Zergling x18  
  142  22:34  Zergling x36  
  142  22:36  Overlord  
  120  23:49  Corruptor  
  120  23:50  Corruptor x10  
  121  24:12  Mutalisk, Corruptor  
  121  24:15  Zergling x2  
  121  24:16  Zergling x18  
  85  24:48  Mutalisk x4  
  81  25:32  Corruptor x4  
  87  25:48  Drone  
  87  25:49  Drone x10  
  98  26:01  Corruptor x3  
  78  26:28  Zergling x2  
  78  26:29  Zergling x22  
  80  26:50  Roach  
  80  26:51  Roach x6  
  87  27:05  Roach  
  87  27:06  Roach x5  
  99  27:14  Spawning Pool  
  94  27:17  Roach x3  
  98  27:25  Roach  
  89  28:02  Overlord x2  
  89  28:10  Roach Warren  
  88  28:16  Overlord x2  
  88  28:17  Overlord x2  
  88  28:20  Queen  
  88  28:22  Hatchery  
  82  29:14  Roach x7  
  51  30:04  Hatchery  
  46  30:10  Roach x13  
  46  30:11  Roach x6  
  83  30:16  Spore Crawler  
  83  30:17  Spore Crawler  
  83  30:18  Spore Crawler  
  83  30:19  Spore Crawler x2  
  83  30:20  Spine Crawler  
  75  30:23  Spine Crawler  
  75  30:25  Spine Crawler  
  69  30:40  Lair  
  57  31:03  Ravager  
  57  31:04  Ravager x4  
  61  31:06  Roach  
  61  31:07  Roach x5  
  44  31:37  Lair  
  36  31:41  Drone x6  
  38  32:04  Drone x2  
  38  32:05  Drone x5, Zergling x4  
  40  32:20  Hatchery  
Show
View Real Time Build Order
Export as new Build Order

goldfever Terran - Winner!

Build Orders: Banshee Rush 

Get SALT Encoding   

  12  0:01  SCV  
  13  0:13  SCV  
  14  0:25  SCV  
  15  0:30  Supply Depot  
  15  0:40  Supply Depot  
  15  0:53  Barracks  
  15  0:56  SCV  
  16  1:08  SCV  
  16  1:10  Refinery  
  17  1:13  Refinery  
  17  1:20  SCV  
  18  1:32  SCV  
  19  1:42  Marine  
  19  1:44  SCV  
  21  1:56  Factory, SCV  
  22  2:04  Marine  
  22  2:08  SCV  
  23  2:21  Marine, SCV  
  25  2:33  SCV  
  26  2:39  Marine  
  27  2:45  Starport  
  27  2:47  Factory Tech Lab  
  27  2:49  Starport, Orbital Command  
  27  2:57  Marine  
  28  3:01  Bunker  
  28  3:05  Supply Depot  
  28  3:25  Factory Tech Lab  
  28  3:28  Starport Tech Lab  
  28  3:29  Supply Depot  
  28  3:31  Cloaking Field  
  28  3:38  Banshee  
  31  3:47  Banshee  
  34  3:53  Marine  
  35  4:05  Siege Tank  
  38  4:11  Marine  
  39  4:24  Banshee  
  42  4:35  Supply Depot, Marine  
  43  4:42  Banshee  
  46  4:53  Marine  
  46  4:56  Engineering Bay  
  47  5:10  Marine  
  48  5:27  Command Center  
  48  5:28  Marine  
  48  5:31  Banshee  
  52  5:38  Banshee  
  55  5:46  Marine  
  55  5:47  Siege Tank  
  59  5:57  Supply Depot  
  59  6:04  Marine  
  60  6:44  Marine  
  60  7:02  Marine  
  55  7:20  Marine  
  53  7:38  Marine  
  53  7:39  Siege Tank  
  57  7:56  Marine  
  57  8:04  Planetary Fortress  
  49  8:07  Missile Turret  
  45  8:26  Missile Turret  
  17  8:35  Banshee  
  23  8:43  Siege Tank  
  23  8:46  Missile Turret  
  19  9:07  Orbital Command, Missile Turret  
  19  9:32  SCV  
  19  9:38  SCV  
  21  9:44  SCV  
  22  9:49  Banshee  
  22  9:50  SCV  
  26  9:56  SCV  
  27  10:02  SCV  
  28  10:08  SCV  
  26  10:14  SCV  
  26  10:18  Engineering Bay  
  26  10:21  SCV  
  28  10:26  SCV  
  29  10:33  Siege Tank  
  32  10:36  Banshee  
  32  10:38  SCV  
  36  10:50  SCV  
  37  11:00  Missile Turret  
  37  11:03  SCV  
  38  11:15  SCV  
  39  11:26  Refinery  
  39  11:27  Refinery, SCV x2  
  39  11:32  Refinery  
  41  11:34  Refinery  
  41  11:39  SCV x2  
  43  11:51  SCV  
  44  12:03  SCV  
  45  12:08  Supply Depot  
  45  12:15  SCV  
  46  12:30  Viking, SCV  
  46  12:31  Supply Depot  
  49  12:42  SCV  
  50  12:50  SCV, Barracks Reactor  
  51  12:54  SCV, Siege Tank  
  51  12:55  Supply Depot  
  55  13:00  Viking  
  55  13:02  SCV  
  58  13:06  SCV  
  59  13:14  SCV  
  59  13:18  Supply Depot, SCV  
  61  13:22  Command Center  
  61  13:26  SCV, Siege Tank  
  65  13:40  Liberator  
  65  13:41  Supply Depot  
  63  14:54  Siege Tank  
  66  15:46  Siege Tank  
  69  16:03  Planetary Fortress  
  69  16:06  Missile Turret  
  69  16:08  Missile Turret x3  
  69  16:14  SCV  
  69  16:18  Siege Tank  
  73  16:26  SCV  
  73  16:28  Missile Turret  
  73  16:29  Missile Turret  
  73  16:31  Missile Turret  
  74  16:39  SCV  
  75  16:46  Refinery  
  75  16:48  Refinery  
  75  16:50  Siege Tank  
  75  16:51  SCV  
  79  17:01  SCV  
  80  17:03  SCV  
  81  17:13  SCV  
  82  17:22  Siege Tank  
  85  17:25  Starport, SCV  
  85  17:37  SCV  
  85  17:42  Starport  
  86  17:44  Fusion Core  
  86  17:48  Armory  
  86  17:49  Armory, SCV  
  87  17:54  Siege Tank  
  90  18:01  SCV  
  91  18:13  SCV  
  92  18:28  Starport Tech Lab  
  92  18:33  SCV  
  93  18:41  Sensor Tower  
  93  18:45  Sensor Tower, SCV  
  93  18:46  Siege Tank  
  97  18:58  SCV  
  98  19:06  Supply Depot  
  98  19:10  SCV  
  99  19:19  Missile Turret  
  99  19:22  SCV  
  100  19:28  Siege Tank  
  100  19:29  Behemoth Reactor  
  100  19:30  Supply Depot  
  103  19:40  Supply Depot  
  103  19:41  Missile Turret  
  103  19:52  Supply Depot  
  103  20:00  Siege Tank  
  103  20:02  Supply Depot  
  104  20:14  Battlecruiser x3  
  104  20:16  Supply Depot  
  104  20:17  Terran Vehicle And Ship Armor Level 1  
  104  20:20  Terran Ship Weapons Level 1  
  122  20:25  Supply Depot  
  122  20:26  Weapon Refit  
  122  20:58  Supply Depot  
  122  21:08  Command Center, Thor  
  128  21:18  Battlecruiser x2  
  128  21:22  Viking  
  142  21:55  Missile Turret  
  142  22:11  Sensor Tower  
  142  22:14  Battlecruiser  
  142  22:15  Missile Turret, Thor  
  154  22:33  SCV  
  154  22:35  Missile Turret  
  155  22:38  Battlecruiser  
  161  22:45  SCV  
  162  22:54  Battlecruiser  
  162  22:56  Terran Vehicle And Ship Armor Level 2, Missile Turret  
  162  22:57  Terran Vehicle Weapons Level 1, SCV  
  169  23:09  SCV  
  167  23:22  SCV  
  125  24:21  Battlecruiser x2  
  134  24:24  Thor  
  118  24:56  Factory  
  106  25:07  Thor  
  106  25:09  Starport Tech Lab  
  110  25:40  Factory Tech Lab  
  110  25:43  Starport Tech Lab  
  110  25:47  Terran Ship Weapons Level 2, Terran Vehicle Weapons Level 2  
  110  25:50  Thor  
  110  26:29  Thor  
  116  26:33  Thor  
  119  26:55  Marine  
  119  26:56  Marine  
  121  27:13  Marine x2  
  121  27:16  Thor, Hellbat  
  123  27:31  Marine  
  124  27:55  Supply Depot  
  124  27:56  Marine x2, Hellbat  
  122  27:59  Hellbat  
  124  28:14  Supply Depot, Marine  
  124  28:18  Hellbat  
  124  28:19  Supply Depot  
  127  28:21  Hellbat  
  129  28:35  Engineering Bay  
  129  28:37  Supply Depot  
  129  28:39  Hellbat  
  130  28:42  Supply Depot  
  130  29:01  Supply Depot  
  116  29:22  Siege Tank x2  
  109  29:58  Missile Turret  
  109  30:19  Missile Turret  
  97  30:40  Missile Turret  
  97  30:41  Battlecruiser x2  
  108  31:00  Refinery  
  88  31:49  Planetary Fortress  
  88  31:53  Refinery  
  88  32:08  Marine x2  
  90  32:26  Marine x2  
  92  32:35  SCV  
  93  32:44  Marine  
  94  32:47  SCV  
Tags
 
Add a new tag
Caveats
  • Supply blocks, unpowered buildings, or Contaminate may cause inaccurate times.
  • Supply counts are checked every 10 seconds.